 Dungeon Crawl Stone Soup version 0.25.0 (webtiles) character file.

Game seed: 16207924989808970400

18195 HungrySpirit the Basher (level 12, -3/80 HPs)
             Began as a Gargoyle Fighter on June 12, 2020.
             Was a High Priest of Okawaru.
             Slain by a large abomination (20 damage)
             ... summoned by a glowing orange brain
             ... in a Gauntlet.
             The game lasted 00:33:23 (16318 turns).

HungrySpirit the Basher (Gargoyle Fighter)         Turns: 16318, Time: 00:33:24

Health: -3/80      AC: 24    Str: 24    XL:     12   Next: 56%
Magic:  4/4        EV:  7    Int: 10    God:    Okawaru [*****.]
Gold:   543        SH: 12    Dex:  9    Spells: 11/11 levels left

rFire    + . .     SeeInvis .   t - +1 morningstar (antimagic)
rCold    + + .     Gourm    .   b - +1 kite shield {reflect}
rNeg     + . .     Faith    .   y - +0 chain mail {rC+}
rPois    ∞         Spirit   .   r - +1 helmet
rElec    +         Reflect  +   F - scarf {rC+ rF+}
rCorr    .         Harm     .   q - +0 pair of gloves
MR       .....     NoTele   +   (no boots)
Stlth    ..........             (no amulet)
HPRegen  0.23/turn              s - ring of wizardry
MPRegen  0.09/turn              (no ring)

@: no status effects
A: negative energy resistance 1, electricity resistance, unbreathing,
petrification resistance, rot immunity, AC +8
a: Heroism, Finesse, Renounce Religion


You were in a Gauntlet.
You worshipped Okawaru.
Okawaru was extremely pleased with you.
You were not hungry.

You visited 2 branches of the dungeon, and saw 13 of its levels.
You also visited: Gauntlet and Volcano.

You collected 543 gold pieces.

Inventory:

Hand Weapons
 t - a +1 antimagic morningstar (weapon)
Missiles
 m - 33 poisoned darts (quivered)
 B - a throwing net
Armour
 b - a +1 kite shield of reflection (worn)
 q - a +0 pair of gloves (worn)
 r - a +1 helmet (worn)
 y - a +0 chain mail of cold resistance (worn)
 F - a scarf of resistance (worn)
Jewellery
 g - the cursed ring of Doubt {*Corrode rN+ EV-4 Str+5, unknown}
   (You found it in a Gauntlet)

   [ring of evasion]

   It affects your evasion (-4).
   It affects your strength (+5).
   It protects you from negative energy.
   It may corrode you when you take damage.
   It has a curse placed upon it.
 s - a ring of wizardry (left hand)
Wands
 d - a wand of clouds (5)
 o - a wand of iceblast (6)
Scrolls
 c - a scroll of identify
 e - 2 scrolls of teleportation
 h - a scroll of remove curse
 i - 4 scrolls of fog {unknown}
 j - 4 scrolls of enchant armour
 k - a scroll of vulnerability {unknown}
 n - 3 scrolls of amnesia
 p - 2 scrolls of immolation
 u - 2 scrolls of enchant weapon {unknown}
 v - 3 scrolls of fear {unknown}
 G - a scroll of holy word {unknown}
Potions
 l - 4 potions of flight
 z - a potion of brilliance
 A - 3 potions of magic
 D - 2 potions of haste
Comestibles
 a - a chunk of flesh
 f - 24 rations


   Skills:
 + Level 11.2 Fighting
   Level 4.2(8.9) Axes
 - Level 12.8(13.1) Maces & Flails
 - Level 10.0 Armour
 + Level 8.7 Shields


You had 11 spell levels left.
You didn't know any spells.
Your spell library contained the following spells:

 Spells                   Type           Power        Failure   Level  Hunger
 Poisonous Vapours        Pois/Air       #.....       92%         2    ###....
 Conjure Flame            Conj/Fire      #.......     99%         3    ####...
 Mephitic Cloud           Conj/Pois/Air  #.......     99%         3    ####...
 Bolt of Magma            Conj/Fire/Erth #.........   100%        5    ######.
 Iskenderun's Battlesphe  Conj/Chrm      #.......     100%        5    ######.
 Freezing Cloud           Conj/Ice/Air   #.........   100%        6    #######
 Iron Shot                Conj/Erth      #.........   100%        6    #######
 Orb of Destruction       Conj           #.........   100%        7    #######
 Ring of Flames           Chrm/Fire      #.........   100%        7    #######
 Spellforged Servitor     Conj/Summ      #.........   100%        7    #######


Dungeon Overview and Level Annotations

Branches:
Dungeon (10/15)            Temple (0/1) D:4            Lair (3/6) D:8
Volcano (visited)         Gauntlet (1/1)
  Swamp: Lair:2-4    Shoals: Lair:2-4     Snake: Lair:2-4    Spider: Lair:2-4
    Orc: D:9-12

Altars:
Ashenzari
Fedhas
Hepliaklqana
Kikubaaqudgha
Okawaru
Qazlal
Ru
Sif Muna
Trog
Uskayaw
Wu Jian
Xom
Zin
The Shining One

Annotations:
D:4 Eustachio
D:9 1 runed translucent door, exclusions: ice statue and orange crystal statue, rgaf's ghost, novice GrNe Gauntlet 6 transporters


Innate Abilities, Weirdness & Mutations

You are resistant to torment.
Your stone body is resilient. (AC +8)
You are immune to poison.
You resist negative energy. (rN+)
You are resistant to electric shocks. (rElec)
You can survive without breathing.
You are immune to petrification.
You are immune to rotting.


Message History

The ice encasing you melts away. The large abomination hits you!
You bump into the metal wall.
The large abomination closely misses you.
You bump into the metal wall.
The large abomination barely misses you.
The glowing orange brain pulsates.
You are more confused.
The large abomination hits you!
You bump into the crystal wall.
The large abomination hits you!!
* * * LOW HITPOINT WARNING * * *
You bump into the crystal wall.
The large abomination hits you!
* * * LOW HITPOINT WARNING * * *
The glowing orange brain pulsates.
You are more confused.
The large abomination hits you but does no damage.
You feel much better. The large abomination hits you!!
* * * LOW HITPOINT WARNING * * *
You feel better. The large abomination hits you!!
You die...

###..#!§§.
#..#.≈§≈
#####..#§.≈.
#≈8≈#..#?..≈
#######...#..#u..≈
#....##.8.#..#.≈.≈
#.##.##...#..#..≈.
#.##....8.#..#≈≈.≈
#@##.##...#..#....
#.XFu##...#..#####
#.##.##.©.#≈......
+.##......#∩......
#.##.##.©.#§......
#....##...#..#####
#.##.##...#..##.#.
#.##....8.#..#^#..
#. #.##§..#..##z..


You could see a red ugly thing, a large abomination (summoned) and a spiny frog
(summoned).

Vanquished Creatures
  An unseen horror (D:10)
  A wizard (Gauntlet)
  A glowing orange brain (Gauntlet)
  A wolf spider (Lair:1)
  2 black mambas
  14 elephants
  2 gargoyles (Volcano)
  5 spiny frogs
  Maggie (D:9)
  A komodo dragon (Lair:2)
  Prince Ribbit (D:6)
  2 hippogriffs
  A hornet (Lair:1)
  Sigmund (D:6)
  3 flying skulls (Volcano)
  A spriggan (Lair:1)
  A wyvern (Lair:2)
  3 basilisks
  7 yaks
  3 fire bats (Lair:1)
  2 swamp worms (Lair:2)
  4 water moccasins
  3 porcupines
  2 orc warriors
  An ice beast (D:9)
  4 ogres
  2 phantoms
  6 wolves (Lair:2)
  4 centaurs
  2 crocodiles
  7 bullfrogs
  A wyvern skeleton (D:7)
  3 scorpions
  5 killer bees (D:7)
  A howler monkey (D:5)
  A troll skeleton (Volcano)
  2 crimson imps (D:5)
  A centaur zombie (D:7)
  4 hounds
  2 jellies
  4 orc priests
  2 orc wizards
  A bullfrog skeleton (D:5)
  2 gnoll shamans
  An iguana (D:4)
  Ijyb (D:5)
  6 worker ants
  A hound skeleton (D:5)
  15 gnolls
  21 adders
  2 shadow imps
  An ooze (D:1)
  5 worms
  3 dart slugs (D:1)
  5 leopard geckos
  21 orcs
  7 giant cockroaches
  8 goblins
  12 hobgoblins
  2 quokkas
  A ball python (D:1)
  7 bats
  6 frilled lizards
  A jackal skeleton (D:5)
  11 kobolds
  6 rats
261 creatures vanquished.

Vanquished Creatures (others)
  A human (D:5)
  70 fungi
  29 plants
  6 withered plants (Gauntlet)
106 creatures vanquished.

Grand Total: 367 creatures vanquished

Notes
Turn   | Place    | Note
-------+----------+-------------------------------------------
     0 | D:1      | HungrySpirit the Gargoyle Fighter began the quest for the
                  | Orb.
     0 | D:1      | Reached XP level 1. HP: 14/14 MP: 1/1
   162 | D:1      | Reached XP level 2. HP: 19/19 MP: 2/2
   584 | D:1      | Reached XP level 3. HP: 22/23 MP: 3/3
   696 | D:1      | You fall into a shaft and drop 1 floor!
   713 | D:2      | Reached skill level 3 in Maces & Flails
   977 | D:2      | Reached XP level 4. HP: 29/29 MP: 4/4
  1048 | D:2      | Found an iron altar of Okawaru.
  1076 | D:2      | Became a worshipper of Warmaster Okawaru
  1967 | D:4      | Noticed a phantom
  1975 | D:4      | Reached XP level 5. HP: 25/33 MP: 5/5
  2088 | D:4      | Killed a phantom
  2088 | D:4      | Reached skill level 4 in Maces & Flails
  2145 | D:4      | Noticed an ogre
  2201 | D:4      | Found a shimmering blue altar of Sif Muna.
  2214 | D:4      | Reached XP level 6. HP: 34/39 MP: 6/6
  2316 | D:4      | Found a glowing silver altar of Zin.
  2538 | D:4      | Found an ornate altar of the Wu Jian Council.
  2610 | D:4      | Found a staircase to the Ecumenical Temple.
  3124 | D:4      | Reached skill level 5 in Maces & Flails
  3278 | D:4      | Reached * piety under Okawaru
  3278 | D:4      | Reached skill level 5 in Fighting
  3278 | D:4      | Reached skill level 5 in Armour
  3278 | D:4      | Reached XP level 7. HP: 11/44 MP: 7/7
  3585 | D:4      | Found a bloodstained altar of Trog.
  3701 | D:4      | HP: 2/44 [ogre/+0 giant club (15)]
  3905 | D:4      | Found a glowing golden altar of the Shining One.
  3945 | D:4      | Noticed Eustachio
  4166 | D:5      | Entered Level 5 of the Dungeon
  4378 | D:5      | Reached skill level 6 in Maces & Flails
  4712 | D:5      | Noticed Ijyb
  4741 | D:5      | Killed Ijyb
  4770 | D:5      | Reached XP level 8. HP: 43/51 MP: 8/8
  4993 | D:5      | Found an ancient bone altar of Kikubaaqudgha.
  5040 | D:5      | Reached ** piety under Okawaru
  5435 | D:6      | Found a sacrificial altar of Ru.
  5497 | D:6      | Noticed Prince Ribbit
  5515 | D:6      | Killed Prince Ribbit
  5515 | D:6      | Reached skill level 7 in Maces & Flails
  5742 | D:6      | Found a hazy altar of Hepliaklqana.
  5778 | D:6      | Found a hide-covered altar of Uskayaw.
  6187 | D:6      | Reached skill level 8 in Maces & Flails
  6264 | D:6      | Reached XP level 9. HP: 54/56 MP: 9/9
  6318 | D:6      | Noticed Sigmund
  6339 | D:6      | Killed Sigmund
  6339 | D:6      | Reached *** piety under Okawaru
  6625 | D:7      | Found a stormy altar of Qazlal.
  7181 | D:7      | Found a blossoming altar of Fedhas.
  7444 | D:8      | Found a shimmering altar of Xom.
  7458 | D:8      | Found a staircase to the Lair.
  7458 | D:8      | Noticed an elephant
  7520 | D:7      | Reached skill level 9 in Maces & Flails
  7858 | D:8      | Killed an elephant
  7858 | D:8      | Reached **** piety under Okawaru
  7858 | D:8      | Reached skill level 5 in Shields
  7944 | D:8      | Reached XP level 10. HP: 63/64 MP: 10/10
  8706 | D:9      | Reached skill level 10 in Maces & Flails
  8943 | D:9      | Found a shattered altar of Ashenzari.
  9466 | D:9      | Noticed Maggie
  9489 | D:9      | Killed Maggie
  9724 | D:9      | Noticed an orange crystal statue
  9909 | D:9      | Found a runed translucent door.
  9909 | D:9      | Noticed a centaur warrior
  9909 | D:9      | Noticed rgaf's ghost (novice GrNe)
  9969 | D:9      | Noticed an ice statue
 10080 | D:10     | Entered Level 10 of the Dungeon
 10112 | D:10     | Got a shimmering scimitar
 10187 | D:10     | Killed an unseen horror
 10467 | D:10     | Reached skill level 11 in Maces & Flails
 10761 | Lair:1   | Entered Level 1 of the Lair of Beasts
 10814 | Lair:1   | You fall into a shaft and drop 1 floor!
 10832 | Lair:2   | Reached ***** piety under Okawaru
 10877 | Lair:2   | Noticed a spiny frog
 10885 | Lair:2   | Killed a spiny frog
 10913 | Lair:2   | Reached XP level 11. HP: 46/71 MP: 8/11
 11271 | Lair:1   | Found a dark tunnel.
 11460 | Volcano  | Entered a volcano
 11744 | Volcano  | Noticed a skeletal warrior
 11873 | Lair:1   | Noticed a wolf spider
 11881 | Lair:1   | Killed a wolf spider
 11917 | Lair:1   | Received a gift from Okawaru
 11922 | Lair:1   | Reached skill level 12 in Maces & Flails
 12181 | Lair:1   | Reached skill level 10 in Fighting
 12252 | Lair:1   | Reached skill level 10 in Armour
 12264 | Lair:1   | Identified the +2 scimitar of Vymiraola {vorpal, Str+4}
                  | (You found it on level 10 of the Dungeon)
 13174 | Lair:2   | Noticed a dire elephant
 13742 | Lair:2   | Reached XP level 12. HP: 46/78 MP: 9/12
 14335 | Lair:1   | Received a gift from Okawaru
 14339 | Lair:1   | Got a twisted ring mail {god gift}
 14545 | Lair:1   | Identified the +1 ring mail of Fortification {rPois MR-
                  | Regen+} (Okawaru gifted it to you on level 1 of the Lair of
                  | Beasts)
 14562 | Lair:2   | Reached skill level 1 in Axes
 15949 | Lair:3   | Found a gate leading to a gauntlet.
 15958 | Gauntlet | Entered a Gauntlet
 15958 | Gauntlet | Found a transporter.
 15958 | Gauntlet | Found a transporter.
 15975 | Gauntlet | Found a transporter.
 15979 | Gauntlet | Found a transporter.
 15995 | Gauntlet | Found a transporter.
 16002 | Gauntlet | Found a transporter.
 16008 | Gauntlet | Found a transporter.
 16035 | Gauntlet | Found a transporter.
 16035 | Gauntlet | Found a transporter.
 16036 | Gauntlet | Found a transporter.
 16036 | Gauntlet | Noticed a soul eater
 16076 | Gauntlet | Found a transporter.
 16078 | Gauntlet | Found a transporter.
 16284 | Gauntlet | Got a crude turquoise ring
 16299 | Gauntlet | Noticed a large abomination
 16318 | Gauntlet | Slain by a large abomination

Illustrated notes

Levels and vault maps discovered:
D:1:      roderic_chinese_lattice_arrival, layout_basic
D:2:      layout_basic, okawaru_gym_becter, first_ration
D:3:      layout_basic
D:4:      layout_basic, lemuel_round_altar, lemuel_doored_altar, minitemple,
          temple_statues, trog_hazing_becter, uniq_eustachio
D:5:      layout_gridville, tgw_kikubaaqudgha, uniq_ijyb
D:6:      layout_basic, kennysheep_little_box, overflow_temple_1_default,
          nicolae_ru_awakened_eye, uniq_prince_ribbit1, uniq_sigmund
D:7:      layout_cave_pools, nicolae_overflow_crystal_walls, fedhas_altar_1
D:8:      layout_basic, lemuel_crystal_altar, david_lair_generic,
          grunt_ogre_cave
D:9:      minmay_separated_statues, layout_long_grid, marbit_many_paths,
          ebering_ghost_inner_flame, uniq_maggie
D:10:     layout_rooms, serial_shops, shop, shop, shop, shop_fountains, shop,
          st_stairs_12, minmay_joined_circles
Lair:1:   minmay_lair_venomous_thicket, layout_cave_shapes,
          nicolae_volcano_entry_batcave, serial_bayou_ford_a
Lair:2:   mu_elephants_graveyard, layout_loops_ring, columned_hall_lemuel,
          worms_lemuel
Lair:3:   layout_cave_pods, minmay_shoals_entry_centaurs, gauntlet_entry_generic
Gauntlet: gammafunk_gauntlet_hard_choice
          [gammafunk_gauntlet_arena_split_diamond,
          gammafunk_gauntlet_arena_arrow_garden,
          gammafunk_gauntlet_arena_spirals, gammafunk_gauntlet_arena_split_x,
          nicolae_gauntlet_arena_flowing_pool, gammafunk_gauntlet_arena_mazey,
          gauntlet_exit_watery]

Skill      XL: |  1  2  3  4  5  6  7  8  9 10 11 12 |
---------------+-------------------------------------+-----
Maces & Flails | 3 4 5 6 8 9 11 12 | 12.8
Fighting       | 4 5 6 8 9 10 11 | 11.2
Armour         | 4 5 6 8 9 10 | 10.0
Shields        | 5 7 8 |  8.7
Axes           | 4 |  4.2

Action                   |  1- 3 |  4- 6 |  7- 9 | 10-12 || total
-------------------------+-------+-------+-------+-------++-------
Melee: Flail             |   102 |   224 |   471 |   387 ||  1184
       Punch             |       |       |     1 |     2 ||     3
       Mace              |       |       |       |   386 ||   386
       War axe           |       |       |       |    25 ||    25
       Morningstar       |       |       |       |    18 ||    18
Throw: Dart              |       |       |       |    10 ||    10
Invok: Heroism           |       |       |     8 |    29 ||    37
Evoke: Wand              |       |       |     4 |    13 ||    17
  Use: Scroll            |       |     7 |     1 |    14 ||    22
       Potion            |       |     1 |     7 |     8 ||    16
 Stab: Paralysed         |       |       |     6 |     5 ||    11
  Eat: Chunk             |       |     5 |    15 |     9 ||    29
       Ration            |       |     1 |       |     6 ||     7
Armor: Scale mail        |    65 |     2 |       |       ||    67
       Plate armour      |       |   187 |   225 |       ||   412
       Skin              |       |       |    36 |    23 ||    59
       Chain mail        |       |       |   236 |   534 ||   770
Dodge: Dodged            |    58 |   102 |   207 |   283 ||   650
Block: Kite shield       |       |       |       |    57 ||    57
       Reflection        |       |       |       |     3 ||     3
